 Dungeon Crawl Stone Soup version 0.31-a0-1555-g5715333c33 (webtiles) character file.

Game seed: 16935061461872895149

149 RepoMan the Ducker (level 5, -2/42 HPs)
             Began as a Human Wanderer on Jan 3, 2024.
             Killed from afar by Natasha (7 damage)
             ... with a magic dart
             ... on level 2 of the Dungeon.
             The game lasted 00:14:44 (1614 turns).

RepoMan the Ducker (Human Wanderer)                 Turns: 1614, Time: 00:14:45

Health: -2/42      AC:  5    Str: 17 (20) XL:     5   Next: 31%
Magic:  6/6        EV: 12    Int:  7 (8)  God:
Gold:   78         SH:  0    Dex:  8 (11) Spells: 4/4 levels left

rFire   . . .        j - +0 hand axe
rCold   + . .        (no shield)
rNeg    . . .        e - +2 leather armour
rPois   .            (helmet restricted)
rElec   .            (no cloak)
rCorr   .            (no gloves)
SInv    .            (no boots)
Will    .....        (no amulet)
Stlth   +            (no ring)
HPRegen 0.27/turn    (no ring)
MPRegen 0.10/turn

%: no passive effects
@: attractive, hasted and slowed
A: explore regen, antennae 1, cold resistance 1, MP-powered wands
a: no special abilities


You were on level 2 of the Dungeon.
You visited 1 branch of the dungeon, and saw 3 of its levels.

You collected 78 gold pieces.

Inventory:

Hand Weapons
 i - a +0 mace
 j - a +0 hand axe (weapon)
 m - a +1 heavy sling
Missiles
 h - 2 stones (quivered)
Armour
 e - a +2 leather armour (worn)
Wands
 c - a wand of polymorph (1)
Scrolls
 k - a scroll of identify {unknown}
Potions
 a - a potion of degeneration
 d - a potion of brilliance


   Skills:
 + Level 3.7 Fighting
 - Level 5.0 Dodging
 - Level 1.0 Stealth
 - Level 2.0 Invocations
 - Level 3.3 Evocations


You had 4 spell levels left.
You didn't know any spells.
Your spell library was empty.

Dungeon Overview and Level Annotations

Branches:
Dungeon (3/15)

Altars:
Gozag

Annotations:
D:2 Natasha


Innate Abilities, Weirdness & Mutations

You regain HP and MP as you explore.
You have a pair of small antennae on your head.
Your flesh is cold resistant. (rC+)
You expend magic power (3 MP) to strengthen your wands.


Message History

You feel your magical essence link to the dungeon's wands.
You feel resistant to cold. Natasha closely misses you.
The cerulean imp hits you from afar with a +2 spear.
* * * LOW HITPOINT WARNING * * *
Aiming: Polymorph
Press: ? - help, Shift-Dir - straight line, f - Natasha
Aim: Natasha (will become a killer bee, a ribbon worm, or a hound, chance to affect: 62%)
Okay, then.
It was a potion of haste.
You feel yourself speed up. The cerulean imp closely misses you.
Natasha casts a spell at you. You resist with some effort.
Natasha is attracted toward you.
The cerulean imp is attracted toward you.
Natasha mumbles some strange words.
You feel disoriented.
The cerulean imp attacks as it pursues you!
The cerulean imp barely misses you.
Natasha wildly gestures.
Natasha shimmers violently.
Natasha stares at you and mumbles some strange words.
The magic dart hits you.
* * * LOW HITPOINT WARNING * * *
Natasha is attracted toward you.
The cerulean imp is attracted toward you.
Okay, then.
Natasha is attracted toward you.
The cerulean imp is attracted toward you.
Natasha stares at you and mumbles some strange words.
You feel yourself slow down. Natasha is attracted toward you.
There is a stone staircase leading up here.
The cerulean imp is attracted toward you.
The cerulean imp closely misses you. Natasha attacks as she pursues you!
Natasha closely misses you.
The cerulean imp is attracted toward you.
Natasha stares at you and mumbles some strange words.
The magic dart hits you!
You die...
Natasha begins licking her fur clean.

###.##.# #.#
##......#######.######
##....§................
.##...................###
.......§5.#######........
##.#..5..# #.......).##
##.##h### #.........# ##
#..# #.._...##.# ##@#
##......##.# #.#
#.......##.# #.#
#.#####.##.# ..#
#.......##.# ###
#.########.# #.# #.#
#.########.##
#..>.†...#...
########.####


You could see Natasha and a cerulean imp (summoned).

Vanquished Creatures
  Natasha (twice) (D:2)
  Robin (D:2)
  2 adders (D:2)
  A river rat (D:2)
  A dart slug (D:1)
  A ribbon worm (D:2)
  2 endoplasms
  A giant cockroach (D:2)
  17 goblins
  7 hobgoblins
  3 jackals (D:2)
  5 ball pythons
  2 bats (D:1)
  3 frilled lizards
  5 kobolds
  6 rats
59 creatures vanquished.

Notes
Turn   | Place    | Note
-------+----------+-------------------------------------------
     0 | D:1      | RepoMan the Human Wanderer began the quest for the Orb.
     0 | D:1      | RepoMan set off with the following items: a +0 club, a
                  | potion of lignification, a wand of polymorph (3), a potion
                  | of brilliance, a +2 leather armour.
     0 | D:1      | Reached XP level 1. HP: 15/15 MP: 2/2
   176 | D:1      | Reached XP level 2. HP: 21/21 MP: 3/3
   537 | D:1      | Reached XP level 3. HP: 27/27 MP: 4/4
   734 | D:2      | Found an opulent altar of Gozag.
   842 | D:2      | Noticed Jessica
   843 | D:2      | Jessica changed into Jessica the endoplasm
   843 | D:2      | Noticed Jessica
   850 | D:2      | Killed Jessica the endoplasm
  1011 | D:2      | Reached XP level 4. HP: 32/34 MP: 5/5
  1192 | D:2      | Noticed Natasha
  1236 | D:2      | Noticed Robin
  1247 | D:2      | Killed Robin
  1277 | D:2      | Killed Natasha
  1365 | D:2      | Noticed Natasha
  1376 | D:2      | Killed Natasha
  1377 | D:2      | Reached XP level 5. HP: 17/41 MP: 6/6
  1476 | D:2      | Noticed Natasha
  1603 | D:2      | Gained mutation: You have a pair of small antennae on your
                  | head. [potion of mutation]
  1603 | D:2      | Gained mutation: You expend magic power (3 MP) to
                  | strengthen your wands. [potion of mutation]
  1603 | D:2      | Gained mutation: Your flesh is cold resistant. (rC+)
                  | [potion of mutation]
  1603 | D:2      | HP: 2/42 [cerulean imp/+2 spear[Natasha] (2)]
  1614 | D:2      | Killed from afar by Natasha

Illustrated notes

Levels and vault maps discovered:
D:1:      spicycebolla_arrival_clurvy, layout_loops_ring, minmay_pentomino_t4
D:2:      layout_loops_ring, basic_altar, uniq_jessica, uniq_natasha, uniq_robin
D:3:      layout_basic, nicolae_dithmenos_through_a_glass_darkly,
          basic_ecumenical_altar, gammafunk_ghost_stat_death,
          minmay_diced_spiral, uniq_grinder

Skill      XL: |  1  2  3  4 |
---------------+-------------+-----
Fighting       | 2 3 |  3.7
Evocations     | 2 3 |  3.3
Dodging        | |  5.0
Stealth        | |  1.0
Invocations    | |  2.0

Action                     |  1- 3 |  4- 6 || total
---------------------------+-------+-------++-------
  Melee: Club              |    34 |       ||    34
         Mace              |    34 |       ||    34
         Hand axe          |    62 |    79 ||   141
   Fire: Sling             |       |    18 ||    18
  Throw: Stone             |    11 |     9 ||    20
  Evoke: Wand              |     2 |       ||     2
    Use: Potion            |       |     5 ||     5
   Stab: Sleeping          |     3 |       ||     3
 Armour: Leather armour    |    64 |    52 ||   116
         Skin              |       |    54 ||    54
  Dodge: Dodged            |   118 |    69 ||   187

Table legend: (Time is in decaauts)
 A = Elapsed time spent in this place.
 B = Non-inter-level travel time spent in this place.
 C = Inter-level travel time spent in this place.
 D = Time resting spent in this place.
 E = Time spent auto-exploring this place.
 F = Levels seen in this place.
 G = Mean time per level.
                   A        B        C        D        E       F      G
               +--------+--------+--------+--------+--------+-----+--------+
         Total |   1707 |   1678 |     29 |    151 |    639 |   3 |  569.0 |
       Dungeon |   1707 |   1678 |     29 |    151 |    639 |   3 |  569.0 |
               +--------+--------+--------+--------+--------+-----+--------+

Top non-repeatable levels by time:
     D:2: 956 daAuts
     D:1: 749 daAuts
     D:3: 1 daAuts
